 Dungeon Crawl Stone Soup version 0.20.1-1-g8b1a95d (webtiles) character file.

76 Rocangus994 the Vandal (level 4, -4/34 HPs)
             Began as a Draconian Hunter on Nov 15, 2017.
             Slain by a gnoll
             ... wielding a +0 flail
              (7 damage)
             ... on level 2 of the Dungeon.
             The game lasted 00:12:05 (1152 turns).

Rocangus994 the Vandal (Draconian Hunter)           Turns: 1152, Time: 00:12:06

Health: -4/34      AC:  5    Str: 14    XL:     4   Next: 12%
Magic:  4/4        EV: 12    Int: 16    God:
Gold:   111        SH:  0    Dex: 13    Spells: 3/3 levels left

rFire    . . .     SeeInvis .   b - +1 short sword
rCold    . . .     Gourm    .   (no shield)
rNeg     . . .     Faith    .   (armour unavailable)
rPois    .         Spirit   .   (helmet restricted)
rElec    .         Reflect  .   (no cloak)
rCorr    .         Harm     .   (no gloves)
MR       +....                  (no boots)
Stlth    ++........             (no amulet)
Regen    0.2/turn               f - ring of protection from magic
MPRegen  0.1/turn               (no ring)

@: brilliant, flying
A: unfitting armour, horns 1, frail 1, cold-blooded, AC +5
a: no special abilities


You were on level 2 of the Dungeon.
You were hungry.

You visited 1 branch of the dungeon, and saw 3 of its levels.

You collected 111 gold pieces.

Inventory:

Hand Weapons
 a - a +2 hunting sling
 b - a +1 short sword (weapon)
Missiles
 c - 13 sling bullets
 e - 98 stones (quivered)
Jewellery
 f - a ring of protection from magic (left hand)
Scrolls
 k - 2 scrolls of teleportation
Comestibles
 d - 3 bread rations


   Skills:
 + Level 3.1 Fighting
 * Level 1.1 Short Blades
 + Level 4.0 Slings
 + Level 2.2 Dodging
 + Level 1.9 Stealth


You had 3 spell levels left.
You didn't know any spells.

Dungeon Overview and Level Annotations

Branches:
Dungeon (3/15)

Altars:


Innate Abilities, Weirdness & Mutations

Your plain brown scales are hard. (AC +5)
You cannot fit into any form of body armour.
You are cold-blooded and may be slowed by cold attacks.
You have a pair of small horns on your head.
You are frail. (-10% HP)


Message History

The gnoll hits you with a club.
* * * LOW HITPOINT WARNING * * *
You hit the gnoll.
You kill the gnoll!
Your Fighting skill increases to level 3!
Your Short Blades skill increases to level 1!
You have reached level 4!
You feel agile.
You closely miss the gnoll. The gnoll closely misses you.
You hit the gnoll.
The gnoll is moderately wounded.
The gnoll hits you with a flail.
* * * LOW HITPOINT WARNING * * *
You closely miss the gnoll.
The gnoll is moderately wounded.
The gnoll barely misses you.
You hit the gnoll.
The gnoll is heavily wounded.
The gnoll hits you with a flail!
You die...

#.# #.# #.# #.# #.#
#####.##### ##'##
#.........## ##...##
#.###......# ##.....##
#.###.###..# #.......##
#.#.#.###..#
.........###......##..#####
.........).....g@...........
......>..###......##..#####.
#.......## #..........#
##.....## #####.######
##...## #†# ##+# #.# #.# #.#
#.# #.# ####.####### #.#


You could see a gnoll.

Vanquished Creatures
  An adder (D:2)
  3 gnolls (D:2)
  An ooze (D:1)
  A worm (D:2)
  2 dart slugs
  4 goblins
  3 hobgoblins
  A quokka (D:2)
  3 bats (D:1)
  3 frilled lizards (D:1)
  3 kobolds (D:1)
  4 rats
29 creatures vanquished.

Notes
Turn   | Place    | Note
-------+----------+-------------------------------------------
     0 | D:1      | Rocangus994 the Draconian Hunter began the quest for the Orb.
     0 | D:1      | Reached XP level 1. HP: 17/17 MP: 1/1
    69 | D:1      | Reached skill level 1 in Stealth
   212 | D:1      | Reached XP level 2. HP: 25/25 MP: 2/2
   929 | D:2      | Reached XP level 3. HP: 29/30 MP: 3/3
  1129 | D:2      | Reached skill level 4 in Slings
  1136 | D:2      | Gained mutation: You are frail. (-10% HP) [potion of mutation]
  1136 | D:2      | Gained mutation: You have a pair of small horns on your head. [potion of mutation]
  1142 | D:2      | Reached skill level 1 in Short Blades
  1142 | D:2      | Reached XP level 4. HP: 7/34 MP: 4/4
  1152 | D:2      | Slain by a gnoll

Skill      XL: |  1  2  3 |
---------------+----------+-----
Stealth        | 1 |  1.9
Dodging        | 2 |  2.2
Slings         | 4 |  4.0
Fighting       | 3 |  3.1
Short Blades   | 1 |  1.1

Action                   |  1- 3 |  4- 6 || total
-------------------------+-------+-------++-------
Melee: Hunting sling     |     1 |       ||     1
       Short sword       |    29 |     4 ||    33
       Tailslap          |     2 |       ||     2
       Headbutt          |     1 |       ||     1
 Fire: Hunting sling     |    65 |       ||    65
  Use: Scroll            |     3 |       ||     3
       Potion            |     4 |       ||     4
Armor: Skin              |     9 |       ||     9
Dodge: Dodged            |    29 |     2 ||    31
